[Event "1st FIDE Olympiad DIS 2023"]
[Site "Belgrade"]
[Date "2023.01.31"]
[Round "2.21"]
[White "Gora, Tapiwa"]
[Black "Bjelanovic, Mile"]
[Result "1/2-1/2"]
[ECO "B94"]
[WhiteElo "1959"]
[BlackElo "2021"]
[Annotator "TA"]
[PlyCount "160"]
[EventDate "2023.01.30"]
[EventType "team-tourn"]
[EventCountry "SRB"]
[SourceTitle "playchess.com"]
[Source "ChessBase"]
[SourceQuality "1"]
[WhiteTeam "Zimbabwe"]
[BlackTeam "Serbia"]
[WhiteTeamCountry "ZIM"]
[BlackTeamCountry "SRB"]
[TimeControl "40/5400+30:1800+30"]

1. e4 c5 2. Nf3 d6 3. d4 cxd4 4. Nxd4 Nf6 5. Nc3 a6 6. Bg5 Nbd7 7. f4 Qc7 8. Qf3 {[%emt 0:00:12] B94: Sicilian Najdorf: 6 Bg5 Nbd7.} b5 9. O-O-O {[%emt 0:00:22] Black should prevent Bxf6.} Bb7 10. Bd3 g6 11. Rhe1 Bg7 12. Qe2 {[%emt 0:11:18] [#]} (12. Nd5 $11 Qd8 13. Kb1) 12... b4 $146 ({Predecessor:} 12... O-O 13. e5 b4 14. exf6 exf6 15. Ne6 fxe6 16. Qxe6+ Kh8 17. Bxg6 fxg5 18. Qh3 h6 {0-1 Agrest,I (2273)-Adair,J (2480) PRO League Central rapid 2017 (3)}) 13. Na4 (13. Nd5 $15 Nxd5 14. exd5) 13... e5 14. Nf3 (14. fxe5 $17 Nxe5 15. Kb1) 14... O-O (14... Bc6 $1 $19 15. b3 Bxa4 {[%mdl 64] Remove Defender} 16. bxa4 (16. fxe5 $2 dxe5 17. bxa4 Nc5 $17) 16... Nc5) 15. fxe5 $17 dxe5 16. b3 Bc6 17. Nb2 Nc5 18. Bxf6 Bxf6 19. g4 (19. Qe3 $17 Bb7 20. Kb1) 19... a5 $19 20. g5 Bg7 {[%emt 0:00:36] This pair of bishops is nice.} 21. Qe3 Ne6 (21... Qe7 $142 {Hoping for ...a4.} 22. Nd2 a4 23. bxa4 Nxd3+ 24. Nxd3 Rxa4) 22. Bc4 {[%emt 0:01:01] [#]} a4 $1 23. Bxe6 fxe6 24. Nd2 (24. bxa4 $17 Bxa4 25. Nxa4) 24... axb3 25. Nxb3 Rxa2 26. Qc5 {[%emt 0:01:13] Repels Bb5} Rc8 27. Kb1 Bf8 28. Qc4 Ra7 {[%emt 0:11:35] White must now prevent ...Qe7.} 29. Qxe6+ Kh8 {[%emt 0:01:06][%cal Oc6e4] ...Bxe4! is the strong threat.} 30. Rd2 Ra6 ({Better is} 30... Re8 $17 31. Qf6+ Kg8) 31. Qc4 (31. Nd3 $1 $11 {and White stays safe.}) 31... Rca8 {[%emt 0:00:37] Threatens to win with ...Qa7.} 32. Rd3 $2 (32. Rdd1) 32... Qb6 $2 (32... Qa7 $19 {[%cal Oa6a1] ( -> ...Ra1+!)} 33. Kc1 Qf2) 33. Qe6 (33. Qf7 $17 {was worth a try.}) 33... Qf2 $40 {[%emt 0:02:54][%mdl 128] Black goes for the king.} 34. Qxe5+ $2 (34. Qf6+ $17 Qxf6 35. gxf6) 34... Bg7 35. Qg3 Qa7 36. Kc1 {[%emt 0:00:49] [#]} Ra1+ 37. Nxa1 Qxa1+ 38. Kd2 Qxb2 39. Rb3 $2 (39. Qc7 Bc3+ {[%mdl 64] Deflection} 40. Ke3) 39... Bc3+ $2 (39... Rd8+ 40. Rd3 Bc3+ {[%mdl 64] Skewer} 41. Ke3 Bd4+ 42. Rxd4 Qxd4+ 43. Kf3 Rf8+ {[%mdl 64] Deflection} 44. Kg4 Bxe4 45. Kh3 Rf3 46. Qxf3 Bxf3 47. Re8+ Kg7 48. Kg3 Qg4+ 49. Kf2 Qg2+ {[%mdl 64] Skewer, Double Attack} 50. Ke3 Qe2+ {[%mdl 64] Skewer} 51. Kd4 Qxe8 52. Kc5 Qc8+ 53. Kxb4 Be2 54. Kb3 Qc4+ 55. Ka3 Qb5 56. h3 Bd1 57. h4 Bxc2 58. Ka2 Qb3+ 59. Ka1 Qb1#) 40. Rxc3 bxc3+ 41. Qxc3+ Qxc3+ 42. Kxc3 {[%emt 0:00:02][%mdl 4096] Endgame KRB-KR} Kg7 43. Kd4 Kf7 {[%emt 0:00:31] And now ...Ke6 would win.} 44. Kc5 (44. Rf1+ $142 Ke7 45. c4) 44... Ba4 45. c4 (45. Kd6 {is a better defense.} Bxc2 46. Re2) 45... Ke6 46. Kb6 Rb8+ 47. Kc7 (47. Kc5 $142 Ke5 48. Ra1 Rc8+ 49. Kb4) 47... Rb4 48. c5 Bc2 49. Re3 Bxe4 50. Rc3 Kf5 51. c6 Kxg5 52. Kd8 Rb8+ 53. Ke7 Rb2 54. h4+ Kh6 55. c7 Bf5 56. Rc4 Ra2 57. Rc5 (57. Kd6 $142 Rh2 58. Rb4) 57... Ra8 {[%emt 0:00:00] ...Kh5 would be deadly.} 58. Kf6 Rc8 59. Kf7 Kh5 60. Kg7 h6 61. Rc4 g5 62. Rc5 Bh3 63. hxg5 hxg5 64. Kf6 Rf8+ 65. Ke7 Ra8 66. Kf6 Ra6+ 67. Ke7 Bc8 68. Kd8 Ra8 69. Ke7 Kh4 70. Kf6 g4 71. Rc4 Kh3 72. Rc1 g3 73. Rh1+ Kg2 74. Rh8 Kf2 75. Ke5 g2 76. Rf8+ Ke3 77. Rg8 Ra5+ 78. Kd6 Bb7 $2 (78... Kf2 $19 79. Ke7 g1=Q 80. Rxg1 Kxg1 81. Kd8 Ra8 82. Ke8 Kf2 83. Kf8 Ke3 84. Ke7 Ke4 85. Kf6 Bf5 86. Ke7 Ke5 87. Kf7 Rh8 88. c8=B Rxc8 89. Ke7 Rc3 90. Kf7 Rc7+ 91. Kf8 Kf6 92. Kg8 Rc8#) 79. Rxg2 $11 {[%emt 0:00:55][%mdl 64] Deflection} Rd5+ 80. Ke6 {[%emt 0:01:31] aiming for Rb2.} Rc5 {[%emt 0:00:28] Weighted Error Value: White=1.05/Black=0.57} 1/2-1/2

[Event "1st FIDE Olympiad DIS 2023"]
[Site "Belgrade"]
[Date "2023.01.31"]
[Round "2.22"]
[White "Mitrovic, Stefan"]
[Black "CHIKAFU, ONAI"]
[Result "1-0"]
[ECO "D36"]
[WhiteElo "1807"]
[BlackElo "1494"]
[Annotator "NA RC COMBH"]
[PlyCount "207"]
[EventDate "2023.01.30"]
[EventType "team-tourn"]
[EventCountry "SRB"]
[SourceTitle "playchess.com"]
[Source "ChessBase"]
[SourceQuality "1"]
[WhiteTeam "Serbia"]
[BlackTeam "Zimbabwe"]
[WhiteTeamCountry "SRB"]
[BlackTeamCountry "ZIM"]
[TimeControl "40/5400+30:1800+30"]

1. d4 d5 2. c4 Nf6 3. Nc3 e6 4. cxd5 exd5 5. Bg5 Be7 6. e3 c6 7. Bd3 Nbd7 8. Qc2 h6 9. Bf4 Nf8 10. h3 Ne6 11. Bh2 O-O 12. Nf3 a6 13. Ne5 c5 14. Nf3 Bd7 15. a4 ({White should play} 15. Be5 $14) 15... Rc8 (15... c4 $15 16. Bf5 b5) 16. dxc5 Nxc5 17. O-O Nxd3 18. Qxd3 Qa5 19. Be5 Be6 20. Rfd1 Rfd8 21. Nd4 Bd7 22. Nf5 (22. Bxf6 $16 Bxf6 23. Nb3 {[%mdl 64] Deflection}) 22... Bxf5 23. Qxf5 Rc6 24. Rd4 Re6 25. Rad1 g6 (25... Bc5 $14) 26. Qf4 Rd7 (26... Qc5 $16 27. e4 Nh5) 27. Bxf6 Bxf6 28. b4 Qc7 29. Qxc7 ({Reject} 29. Nxd5 $6 Qxf4 30. Nxf4 (30. Rxf4 Kg7 $11) 30... Rxd4 31. Rxd4 (31. exd4 Re4 $11) 31... Bxd4 32. Nxe6 Bxe3 $11) 29... Rxc7 30. Nxd5 Rc2 31. R4d2 Rc4 32. Kf1 Kg7 33. a5 Rec6 34. Rb1 Rd6 35. Rb3 h5 36. Ke2 g5 37. Nb6 Rxd2+ 38. Kxd2 Rc6 39. b5 Rc5 40. Na4 Rd5+ 41. Kc2 axb5 42. Nb6 Rc5+ 43. Kd3 Kg6 44. e4 Bd8 (44... Bh8 $11 {remains equal.}) 45. Nd7 Rc1 46. Ne5+ Kf6 47. Rxb5 Bc7 48. Nd7+ Kg6 49. Nc5 Bxa5 50. Rxa5 b6 51. Nb3 Rg1 52. Rb5 Rxg2 53. Rxb6+ Kg7 54. Ke2 Rh2 55. Nd4 Rxh3 56. Nf5+ Kh7 57. Rb7 Kg6 58. Nd6 g4 (58... Kf6 $142 59. Nxf7 Ra3 60. e5+ Kg6) 59. Rxf7 Ra3 60. Rc7 h4 61. Rc1 $2 (61. Nf5) 61... h3 62. Kf1 Kf6 63. Re1 Ke6 64. Nf5 Ke5 65. Kg1 Kf4 66. Nd4 Ke5 67. Nc6+ Kd6 68. Nd8 Rf3 $2 (68... Ke7 {was worth a try.} 69. Rd1 Rc3) 69. e5+ Kd7 70. Nb7 Rc3 71. e6+ Ke7 72. Kh2 (72. Nd6 $142 Rf3 73. Nc8+ Ke8 74. e7) 72... Rc6 73. Na5 Rc2 74. Kg3 Rc5 75. Nb3 Rc3+ $18 76. Re3 $1 ({Inferior is} 76. Kxg4 Rxb3 77. Rh1 Kxe6 $11) 76... Rc4 77. Nd2 $2 (77. Kh2 $18 Rf4 78. Kg1) 77... Rc1 78. Kh2 ({Not} 78. Kxg4 h2 79. Rh3 h1=Q 80. Rxh1 Rxh1 $11) 78... Rc2 {[%emt 0:00:42] [#]} 79. Re2 $2 (79. Ne4 $1 $18) 79... Ra2 80. Kg3 Ra4 81. Ne4 $2 (81. Nf1 Ra1 82. Ne3) 81... Ra1 82. Kxg4 h2 83. Ng3 Rg1 84. Kh3 Rxg3+ 85. Kxh2 Rg7 86. Kh3 Rg1 87. Kh4 Rg2 88. Kh3 Rg8 89. f4 Rg1 90. f5 Rg8 91. Rg2 Re8 92. Kg3 Rg8+ 93. Kf3 Ra8 94. Kf4 Ra4+ 95. Kg5 Ra8 96. Rh2 Rg8+ 97. Kf4 Rg1 98. Rh7+ Ke8 99. Ke5 Kf8 100. Kf6 Kg8 101. Ra7 Re1 102. Ra8+ Kh7 103. e7 Re4 104. e8=Q 1-0

[Event "1st FIDE Olympiad DIS 2023"]
[Site "Belgrade"]
[Date "2023.01.31"]
[Round "2.25"]
[White "Jimenez Moron, Elias"]
[Black "Alam, Khorshed"]
[Result "1-0"]
[ECO "B01"]
[WhiteElo "1967"]
[BlackElo "2065"]
[Annotator "TA"]
[PlyCount "121"]
[EventDate "2023.01.30"]
[EventType "team-tourn"]
[EventCountry "SRB"]
[SourceTitle "playchess.com"]
[Source "ChessBase"]
[SourceQuality "1"]
[WhiteTeam "Panama"]
[BlackTeam "Bangladesh"]
[WhiteTeamCountry "PAN"]
[BlackTeamCountry "BAN"]
[TimeControl "40/5400+30:1800+30"]

1. e4 d5 2. exd5 Qxd5 3. Nc3 Qd8 4. d4 Nf6 5. Nf3 Bg4 6. Be2 e6 7. h3 {[%emt 0:01:37] B01: Scandinavian Defence.} Bxf3 8. Bxf3 c6 9. Ne4 {[%emt 0:04:41] White is slightly better.} Nbd7 10. O-O Be7 11. c4 O-O 12. Nc3 Nb6 13. b3 Qc7 {[%emt 0:04:45] [#]} 14. Qe2 $146 ({Predecessor:} 14. Be3 Rad8 15. Qc2 Rfe8 16. Rad1 h6 17. g3 Bb4 18. Bf4 Qe7 19. c5 Nbd5 20. Bd6 {1-0 De Coverly,R (1943)-Kramaley,D (1819) Frome op 2018 (4)}) 14... Rad8 15. Rd1 Rfe8 16. Bg5 h6 17. Bh4 Nc8 18. Rac1 g5 19. Bg3 Bd6 20. Be5 Bxe5 21. dxe5 Rxd1+ (21... Nd7 $14) 22. Rxd1 $16 Nd7 23. Ne4 {[%emt 0:11:00][%cal Od1d7] Hoping for Rxd7! White is more active.} Kg7 $2 {[%emt 0:08:30] [#]} (23... Rd8 $16 {was worth a try.}) 24. Rxd7 $2 Qxd7 $11 25. Nf6 Qd8 26. Nxe8+ Qxe8 {[%emt 0:00:10][%mdl 4096] Endgame KQB-KQN} 27. Qd3 Nb6 28. Qd6 Qd7 29. c5 Qxd6 30. exd6 $14 {[%emt 0:00:26] KB-KN} (30. cxd6 $2 Nd7 31. Bh5 Nxe5 $19) 30... Nd7 31. b4 Kf8 32. g4 a5 33. a3 axb4 34. axb4 Ne5 35. Be4 Ke8 36. Kf1 Kd7 (36... Nd7 $1 $11 {should be considered.}) 37. Ke2 f6 38. Bd3 b6 39. Ke3 ({Much weaker is} 39. cxb6 Kxd6 40. Ba6 Ng6 $15) 39... bxc5 40. bxc5 Nf7 (40... Nxd3 41. Kxd3 Ke8 42. h4 $18) (40... Kd8 $14) 41. Kd4 $16 Nd8 ({Black should play} 41... Ne5) 42. Kc4 Nb7 $2 (42... Nf7 $16) 43. Bg6 $2 (43. Kb4 $1 $18 {aiming for Be4.} Kc8 44. Ba6) 43... Kd8 $2 (43... Kc8 $16 44. Be8 Nd8) 44. Bf7 $2 (44. Be4 $18 {and the rest is easy.} Kd7 45. Kb4) 44... Kd7 45. Bg8 Na5+ $2 (45... Nd8 $16 46. Kb4 Kc8) 46. Kb4 $18 Nb7 47. Kc4 (47. f3 $142 $1 f5 48. Bh7 fxg4 49. fxg4 (49. hxg4 Nd8 $18)) 47... Na5+ 48. Kb4 $2 (48. Kc3) 48... Nb7 49. Bf7 $2 (49. f3 $1 $18 {is the precise move to win.} f5 50. Bh7 fxg4 51. hxg4 (51. fxg4 Nd8 $18)) 49... Nd8 $16 50. Bg6 {[%emt 0:00:24] Strongly threatening Ka5.} Nb7 (50... Kc8 $16 51. Be8 f5) 51. Bd3 (51. Be4 $142 e5 52. Bf5+ Kd8 53. Be6) 51... Ke8 52. Be4 Kd7 {[%emt 0:00:00] [#]} 53. f3 $1 Nd8 $2 {[%emt 0:00:00] [#]} (53... f5 54. gxf5 Nxd6 55. cxd6 exf5 56. Bxf5+ Kxd6) 54. Ka5 $1 $18 {[%emt 0:00:00] Black must now prevent Kb6.} Nf7 55. Kb6 Ne5 56. Kb7 {[%emt 0:00:00] White mates.} h5 57. gxh5 f5 {[%emt 0:00:00] [#]} 58. Bxc6+ $1 Nxc6 59. h6 Nd8+ 60. Kb6 Nf7 61. h7 {[%emt 0:00:00] Weighted Error Value: White=0.76/Black=0.27 (precise)} 1-0

[Event "1st FIDE Olympiad DIS 2023"]
[Site "Belgrade"]
[Date "2023.01.31"]
[Round "2.26"]
[White "Syed Ejaz Husain"]
[Black "Osorio, Jesus Camilo"]
[Result "1-0"]
[ECO "B07"]
[WhiteElo "1952"]
[BlackElo "1859"]
[Annotator "TA"]
[PlyCount "83"]
[EventDate "2023.01.30"]
[EventType "team-tourn"]
[EventCountry "SRB"]
[SourceTitle "playchess.com"]
[Source "ChessBase"]
[SourceQuality "1"]
[BlackTeam "Panama"]
[BlackTeamCountry "PAN"]
[TimeControl "40/5400+30:1800+30"]

1. e4 d6 2. d4 Nf6 3. Bd3 g6 4. c3 Bg7 5. Ne2 c5 6. O-O Nc6 7. dxc5 {[%emt 0:04:35] B07: Pirc Defence: Miscellaneous Systems.} dxc5 {[%emt 0:00:04] [#]} 8. f3 $146 ({Predecessor:} 8. Be3 Ne5 9. Bb5+ Bd7 10. Bxd7+ Qxd7 11. Bxc5 Nxe4 12. Qxd7+ Nxd7 13. Be3 O-O 14. Rd1 Rfd8 {½-½ Arnott,J (2127)-McKay,R (2340) BCF-chT2b 1617 (4NCL) 2016 (4.64)}) 8... O-O 9. Be3 {[%emt 0:00:25] The position is equal.} Ne5 10. Bc2 (10. Nc1 $11) 10... Qc7 (10... b6 $5) 11. Bf4 (11. Na3 $11 {remains equal.}) 11... Nh5 $17 12. Bc1 Rd8 13. Qe1 Nd3 14. Bxd3 Rxd3 15. Na3 a6 16. Nc2 (16. g4 $5 Nf6 17. Nf4 $11) 16... b5 $36 {[%emt 0:00:25][%mdl 2048] Black has good play.} ({Don't do} 16... c4 17. Nb4 $14) 17. g4 Nf6 18. Nf4 Rd8 19. Be3 e5 20. Ng2 Be6 21. Qf2 {[%emt 0:00:00] White is weak on the light squares} Rac8 22. a3 Bb3 23. Rac1 Nd7 24. Na1 Bc4 25. Rfd1 Bf8 26. b3 Be6 27. Rd2 Nb6 28. Rcd1 a5 29. h3 (29. Rxd8 $17 Rxd8 30. Rxd8 Qxd8 31. Qd2) 29... a4 $19 30. Rxd8 Rxd8 31. Rxd8 Qxd8 32. Kh2 $2 {[%emt 0:00:02] [#]} (32. Qc2 {is more resistant.}) 32... axb3 33. Nxb3 Bxb3 34. Bxc5 Nc4 35. Bb4 Bxb4 36. axb4 Qd2 37. Qc5 (37. Qxd2 $142 Nxd2 38. Kg3) 37... Qxc3 38. Kg3 Bd1 39. Nh4 g5 $4 {[%emt 0:00:50][%mdl 8192] [#]} (39... Qe1+ $19 40. Qf2 Qxb4) 40. Qc8+ {[%emt 0:00:40] White mates.} Kg7 41. Nf5+ Kg6 42. Qc6+ {[%emt 0:03:32] Never resign too early!   Weighted Error Value: White=0.57/Black=0.33} 1-0

[Event "1st FIDE Olympiad DIS 2023"]
[Site "Belgrade"]
[Date "2023.01.31"]
[Round "2.28"]
[White "Sarkar, Ali Newaz"]
[Black "Singares, Mario Oscar"]
[Result "1-0"]
[ECO "C50"]
[WhiteElo "1809"]
[BlackElo "1425"]
[Annotator "NA RC COMBH"]
[PlyCount "45"]
[EventDate "2023.01.30"]
[EventType "team-tourn"]
[EventCountry "SRB"]
[SourceTitle "playchess.com"]
[Source "ChessBase"]
[SourceQuality "1"]
[WhiteTeam "Bangladesh"]
[BlackTeam "Panama"]
[WhiteTeamCountry "BAN"]
[BlackTeamCountry "PAN"]
[TimeControl "40/5400+30:1800+30"]

1. e4 e5 2. Nf3 Nc6 3. Bc4 Nh6 4. a3 Be7 5. d3 O-O 6. O-O d6 7. h3 Ng4 8. hxg4 Bxg4 9. c3 h6 10. Be3 a6 11. Nbd2 b5 12. Bd5 Qd7 13. Qe1 Bxf3 14. Nxf3 h5 15. Qe2 h4 16. Bg5 h3 17. g3 h2+ (17... Rae8 $142 18. Kh2 Nd8) 18. Kxh2 Rae8 19. Bxc6 Qxc6 20. Kg2 d5 21. Rh1 dxe4 $18 22. Qxe4 Qe6 23. Qh7# 1-0

[Event "1st FIDE Olympiad DIS 2023"]
[Site "Belgrade"]
[Date "2023.01.31"]
[Round "2.29"]
[White "Nikac, Predrag"]
[Black "Miheso, Clement Chomu"]
[Result "1-0"]
[ECO "C55"]
[WhiteElo "2285"]
[BlackElo "1615"]
[Annotator "TA"]
[PlyCount "71"]
[EventDate "2023.01.30"]
[EventType "team-tourn"]
[EventCountry "SRB"]
[SourceTitle "playchess.com"]
[Source "ChessBase"]
[SourceQuality "1"]
[WhiteTeam "Montenegro"]
[BlackTeam "Kenya"]
[WhiteTeamCountry "MNE"]
[BlackTeamCountry "KEN"]
[TimeControl "40/5400+30:1800+30"]

1. e4 e5 2. Bc4 Nf6 3. d3 d6 4. Nf3 Nc6 5. a4 Bg4 6. h3 {[%emt 0:00:40] C55: Two Knights: 4 d3, 4 d4 exd4 5 e5 and Max Lange Attack.} Bh5 {[%emt 0:01:02] [#]} 7. a5 $146 ({Predecessor:} 7. Nbd2 Be7 8. c3 O-O 9. Ba2 Rb8 10. Nf1 d5 11. Qe2 dxe4 12. dxe4 Qd7 13. Ng3 Bxf3 14. Qxf3 {1-0 Whatley,S (1855)-Mehringer,J (1961) Gibraltar Masters 12th 2014 (8)}) 7... Nd4 (7... a6 $14) 8. Nbd2 (8. g4 $16 Bg6 9. Nxd4 exd4 10. O-O) 8... Be7 (8... Nxf3+ $11 9. Nxf3 c6) 9. g4 $16 {[%emt 0:08:38] Black must now prevent Nxd4.} Bg6 (9... Nxf3+ $16 10. Qxf3 (10. Nxf3 Bg6 $14) 10... Bg6) 10. Nxd4 $18 exd4 11. a6 Qc8 12. f4 {[%emt 0:00:52][%cal Bf2f4,Bf4f5][%mdl 32] Threatens to win with axb7.} h6 13. Nf3 c5 (13... O-O {keeps fighting.} 14. O-O (14. Nxd4 c6 $16) 14... b6 15. Nxd4 c6) 14. e5 dxe5 15. Nxe5 b6 16. f5 Qc7 {[%emt 0:03:31] Black is weak on the light squares} 17. Qe2 (17. Nxg6 Qg3+ 18. Kf1 fxg6 $11) 17... Bh7 18. Bxf7+ Kf8 19. Bf4 Bd6 20. Be6 Bxe5 21. Bxe5 Qc6 22. Qh2 Ne8 (22... Bg8 $142 23. Bd6+ Ke8) 23. O-O Bg8 {[%emt 0:00:56] [#]} 24. f6 $1 gxf6 25. Bxf6 {[%emt 0:00:56] Threatening mate with Bh4+.} Nxf6 26. Rxf6+ Ke7 {[%emt 0:05:39] [#]} 27. Qe5 $1 Qd6 {[%emt 0:06:49] White is clearly winning.} 28. Qxd6+ (28. Bxg8+ $2 {perishes.} Qxe5 29. Re6+ Qxe6 30. Bxe6 Kxe6 $19) 28... Kxd6 29. Re1 Ke7 30. Rg6 ({Inferior is} 30. Bxg8+ Kxf6 31. Bd5 Rae8 32. Rf1+ Ke5 33. Rf5+ Kd6 $15) 30... Bxe6 31. Rexe6+ {[%emt 0:00:12] KRR-KRR} Kf7 32. Ref6+ Ke7 33. Rxh6 Rhf8 34. Rxf8 Rxf8 35. Rh7+ Kf6 36. Rxa7 {[%emt 0:00:30] White took control after the opening. Artfully played by Nikac.   Weighted Error Value: White=0.22 (precise) /Black=0.64} 1-0

[Event "1st FIDE Olympiad DIS 2023"]
[Site "Belgrade"]
[Date "2023.01.31"]
[Round "2.30"]
[White "Sadam Ali Sheikh"]
[Black "Ivanovic, Milan"]
[Result "1-0"]
[ECO "D02"]
[WhiteElo "1578"]
[BlackElo "1908"]
[Annotator "TA"]
[PlyCount "89"]
[EventDate "2023.01.30"]
[EventType "team-tourn"]
[EventCountry "SRB"]
[SourceTitle "playchess.com"]
[Source "ChessBase"]
[SourceQuality "1"]
[WhiteTeam "Kenya"]
[BlackTeam "Montenegro"]
[WhiteTeamCountry "KEN"]
[BlackTeamCountry "MNE"]
[TimeControl "40/5400+30:1800+30"]

1. d4 d5 2. Bf4 Nf6 3. e3 e6 4. Nf3 Nbd7 5. Nbd2 c5 6. c3 Be7 7. Bd3 b6 8. Ne5 Nxe5 {[%emt 0:03:14] D02: 1 d4 d5 2 Nf3 sidelines, including 2...Nf6 3 g3 and 2...Nf6 3 Bf4.} 9. dxe5 Nd7 10. Qg4 $2 (10. c4 $11) 10... g5 $19 {[%emt 0:02:32] Black is clearly better.} 11. h4 ({But not} 11. Bg3 h5 12. Qa4 h4 $19) (11. Bxg5 $142 Bxg5 12. f4) 11... h5 (11... gxf4 $2 {is the wrong capture.} 12. Qg7 Rf8 13. exf4 $19) 12. Qg3 gxf4 {[%emt 0:01:41] [#]} 13. exf4 $146 ({Predecessor:} 13. Qg7 Rf8 14. exf4 c4 15. Be2 Nc5 16. Nf3 Ba6 17. g3 Nd3+ 18. Kf1 {0-1 Beukema,J (2299)-Viani,A (2404) Dieren op 2018 (6)}) 13... Bf8 14. O-O-O Qc7 15. Nf3 Bh6 16. Kb1 Nf8 17. Rhe1 Bd7 18. Ng5 Ba4 {[%emt 0:07:10] Repels c4} 19. b3 c4 20. Bc2 cxb3 21. axb3 Bc6 22. Kb2 b5 23. Rd4 a5 24. f5 Rg8 $2 (24... a4 $19 {aiming for ...axb3.} 25. Ra1 exf5 26. Bxf5 Bxg5 27. hxg5 Rg8) 25. Nxe6 $1 $16 {[%emt 0:01:06][%mdl 64] [#] Discovered Attack. White has more active pieces.} Rxg3 $4 (25... fxe6 $16 26. Qxg8 exf5) 26. Nxc7+ $18 {[%emt 0:02:13] White is clearly winning.} Ke7 (26... Kd8 $142 27. Nxa8 Rg4 28. Rxg4 hxg4) 27. fxg3 Rd8 28. Bd1 Rd7 29. Na6 Ra7 30. Nc5 Nd7 31. Nxd7 Kxd7 32. e6+ fxe6 33. fxe6+ Ke7 34. Bxh5 Bg7 35. Rf4 {[%emt 0:01:18] [#] Strongly threatening Rf7+.} b4 36. Rf7+ Kd6 37. Rxg7 Rxg7 {[%emt 0:00:06][%mdl 4096] Endgame KRB-KRB} 38. g4 bxc3+ 39. Kxc3 Ke7 40. Kd4 a4 41. bxa4 Bxa4 42. Ra1 Bc6 43. Ra7+ Kf6 44. Rxg7 Kxg7 45. e7 {[%emt 0:00:16] Weighted Error Value: White=0.48/Black=0.70} 1-0

[Event "1st FIDE Olympiad DIS 2023"]
[Site "Belgrade"]
[Date "2023.01.31"]
[Round "2.31"]
[White "Damjanovic, Radovan"]
[Black "Wambalo Wong"]
[Result "1-0"]
[ECO "C06"]
[WhiteElo "1807"]
[BlackElo "1337"]
[Annotator "NA RC COMBH"]
[PlyCount "43"]
[EventDate "2023.01.30"]
[EventType "team-tourn"]
[EventCountry "SRB"]
[SourceTitle "playchess.com"]
[Source "ChessBase"]
[SourceQuality "1"]
[WhiteTeam "Montenegro"]
[BlackTeam "Kenya"]
[WhiteTeamCountry "MNE"]
[BlackTeamCountry "KEN"]
[TimeControl "40/5400+30:1800+30"]

1. e4 e6 2. d4 d5 3. Bd3 Nf6 4. Nd2 c5 5. c3 Nc6 6. e5 Nd7 7. Ndf3 Qb6 8. Ne2 a5 9. O-O Be7 10. Bc2 cxd4 11. cxd4 Nb4 12. Ba4 O-O $16 13. a3 Nc6 14. Qd3 Qc7 15. Ng5 Bxg5 16. Bxg5 b6 (16... f6 $16 {is a better defense.}) 17. Rfc1 Bb7 18. Qg3 Rfc8 19. Rc3 Ndb8 20. Qh4 Ba6 21. Rh3 h6 22. Bxh6 1-0

[Event "1st FIDE Olympiad DIS 2023"]
[Site "Belgrade"]
[Date "2023.02.01"]
[Round "3.1"]
[White "Tazbir, Marcin"]
[Black "Sarkar, Justin"]
[Result "1/2-1/2"]
[ECO "C80"]
[WhiteElo "2507"]
[BlackElo "2345"]
[Annotator "TA"]
[PlyCount "61"]
[EventDate "2023.01.30"]
[EventType "team-tourn"]
[EventCountry "SRB"]
[SourceTitle "playchess.com"]
[Source "ChessBase"]
[SourceQuality "1"]
[WhiteTeam "Poland"]
[BlackTeam "United States"]
[WhiteTeamCountry "POL"]
[BlackTeamCountry "USA"]
[TimeControl "40/5400+30:1800+30"]

1. e4 e5 2. Nf3 Nc6 3. Bb5 a6 4. Ba4 Nf6 5. O-O Nxe4 6. Re1 Nc5 7. Bxc6 dxc6 8. Nxe5 Be7 9. d4 Ne6 10. Be3 O-O 11. Nc3 f6 {[%emt 0:05:07] C80: Open Ruy Lopez: Sidelines and 9 Nbd2.} 12. Nf3 Re8 13. d5 cxd5 14. Nxd5 {[%emt 0:00:00] [#]} b5 $146 ({Predecessor:} 14... Bd6 15. Qd3 Bd7 16. Rad1 Nf8 17. Qb3 Kh8 18. c4 b6 19. Qc3 a5 20. a3 Ng6 21. Nxb6 cxb6 22. Rxd6 {1-0 Concio,M (2343)-Player,E (2212) Titled Tuesday intern op 15th Nov Early blitz 2022 (4)}) 15. Nxe7+ Rxe7 {[%emt 0:01:39] Black is weak on the dark squares} 16. Qxd8+ Nxd8 17. a4 Bb7 18. axb5 axb5 19. Rxa8 Bxa8 20. Nd4 b4 21. Ra1 Be4 22. f3 Bg6 (22... c5 $5 23. Rd1 cxd4 24. Rxd4 Bxc2 25. Rxd8+ Kf7 $11) 23. Kf2 (23. Ra8 $5 Rxe3 24. Rxd8+ Re8 25. Rxe8+ Bxe8 26. Ne6 $14) 23... c5 24. Ra8 Re8 25. Nb3 c4 26. Nd4 (26. Nd2 $14 {is more appropriate.}) 26... Nc6 $1 $11 {[%emt 0:01:28][%mdl 64] [#] Discovered Attack. The position is equal.} 27. Rxe8+ Bxe8 28. Nxc6 Bxc6 29. Bc5 Ba4 30. Bxb4 Bxc2 31. Bc3 {[%emt 0:00:02] Weighted Error Value: White=0.08 (flawless) /Black=0.06 (flawless)} 1/2-1/2